Map: Crimson Court LE

Players

ManlyManMeat - Winner!

  • Race: Zerg Zerg
  • Spawn Location: 1:00

VOD

Have the link to the VOD?

Description

Time

  • Played on: Sept. 12, 2024, 10:41 a.m.
  • Length: 15:14
Show
View Real Time Build Order
Export as new Build Order

ManlyManMeat Zerg - Winner!

Build Orders:  

Get SALT Encoding   

  12  0:00  Drone  
  13  0:14  Drone  
  14  0:25  Overlord  
  14  0:51  Drone x2  
  14  0:52  Drone  
  17  1:15  Hatchery  
  17  1:17  Extractor  
  15  3:52  Drone x3  
  18  4:00  Drone x2  
  18  4:04  Overlord  
  20  4:19  Spawning Pool  
  19  4:22  Evolution Chamber  
  19  4:25  Evolution Chamber  
  17  4:31  Drone x4  
  21  4:47  Hatchery, Drone  
  21  4:48  Drone  
  22  5:00  Drone  
  23  5:12  Extractor, Drone x2  
  24  5:36  Overlord  
  24  5:38  Drone x3  
  27  5:51  Overlord  
  27  5:59  Zergling x2  
  28  6:11  Zergling x2  
  28  6:12  Zergling x2  
  30  6:22  Queen x2  
  34  6:30  Queen  
  34  6:33  Drone x4  
  34  6:36  Metabolic Boost  
  34  6:38  Zerg Melee Weapons Level 1, Zerg Ground Armor Level 1  
  40  6:42  Zergling x2  
  41  6:59  Zergling x4  
  43  7:00  Zergling x2  
  43  7:08  Drone x3  
  47  7:46  Overlord x2, Hatchery  
  47  7:48  Zergling x2  
  47  7:49  Zergling x6  
  50  8:11  Overlord x3, Queen  
  50  8:14  Lair  
  50  8:18  Drone x5  
  57  8:40  Drone x2  
  57  8:41  Drone x6  
  65  8:53  Overlord x2  
  65  8:56  Drone  
  66  9:23  Zergling x4  
  66  9:24  Zergling x14  
  74  9:48  Zergling x2  
  74  9:49  Zergling x4  
  74  10:14  Baneling Nest, Zerg Melee Weapons Level 2  
  74  10:15  Zerg Ground Armor Level 2  
  72  10:30  Queen  
  72  10:31  Drone x10  
  72  10:32  Drone x2  
  86  11:00  Overlord  
  86  11:01  Overlord x3  
  86  11:02  Overlord x2  
  86  11:03  Zergling x16  
  86  11:09  Queen  
  96  11:14  Queen  
  98  11:38  Zergling x2  
  98  11:39  Zergling x26  
  112  12:19  Centrifugal Hooks  
  112  12:22  Zergling x4  
  112  12:23  Zergling x36  
  132  12:34  Baneling x13  
  132  12:35  Baneling  
  132  12:36  Baneling x8  
  131  13:00  Baneling x13  
  131  13:01  Zergling x2  
  131  13:02  Zergling x38  
  151  13:47  Overlord  
  151  13:48  Overlord x2  
  151  13:49  Overlord x3  
  151  13:51  Zergling x12  
  157  14:26  Zergling x2  
  157  14:27  Zergling x30  
Tags
 
Matchup
Co-op
Replay Pack
ee
Add a new tag
Caveats
  • Supply blocks, unpowered buildings, or Contaminate may cause inaccurate times.
  • Supply counts are checked every 10 seconds.